 Dungeon Crawl Stone Soup version 0.32-a0-433-g08bcfe7efd (webtiles) character file.

Game seed: 11672987508144699456

23 Ceno the Grasshopper (level 3, 0/28 HPs)
             Began as a Coglin Warper on Feb 22, 2024.
             Killed from afar by a dart slug (3 damage)
             ... with a slug dart
             ... on level 2 of the Dungeon.
             The game lasted 00:02:50 (1262 turns).

Ceno the Grasshopper (Coglin Warper)                Turns: 1262, Time: 00:02:50

Health: 0/28       AC:  3    Str: 11    XL:     3   Next: 0%
Magic:  6/6        EV: 11    Int: 12    God:
Gold:   14         SH:  0    Dex: 15    Spells: 2/6 levels left

rFire   . . .        a - +0 falchion {Mariya}
rCold   . . .        i - +0 rapier {Eunwoo}
rNeg    . . .        b - +0 leather armour
rPois   .            (no helmet)
rElec   .            (no cloak)
rCorr   .            (no gloves)
SInv    .            (no boots)
Will    .....        (no amulet)
Stlth   +            (no ring)
HPRegen 0.24/turn    (no ring)
MPRegen 0.10/turn

%: no passive effects
@: immotile, revved
A: off-hand wielding, slow wielding, warmup strikes, legs shutdown
a: no special abilities


You were on level 2 of the Dungeon.
You visited 1 branch of the dungeon, and saw 2 of its levels.

You collected 14 gold pieces.

Inventory:

Hand Weapons
 a - a +0 falchion (weapon) {Mariya}
 i - a +0 rapier (offhand) {Eunwoo}
Missiles
 d - 7 darts of dispersal
 h - 9 stones (quivered)
Armour
 b - a +0 leather armour (worn)
Wands
 l - a wand of light (4)
Scrolls
 c - 2 scrolls of blinking
 e - a scroll of amnesia {unknown}
 f - a scroll of butterflies {unknown}
 m - a scroll of noise {unknown}
Potions
 g - a potion of curing
 j - a potion of magic
 k - a potion of enlightenment {unknown}


   Skills:
 + Level 2.3 Fighting
 * Level 2.7 Long Blades
 - Level 0.8 Throwing
 - Level 0.8 Armour
 - Level 1.7 Dodging
 + Level 2.1 Spellcasting
 - Level 3.0 Translocations


You had 2 spell levels left.
You knew the following spells:

 Your Spells              Type           Power      Damage    Failure   Level
a - Blink                 Tloc           16%        N/A       16%         2
b - Lesser Beckoning      Tloc           16%        N/A       16%         2

Your spell library contained the following spells:

 Spells                   Type           Power      Damage    Failure   Level
 Teleport Other           Tloc           8%         N/A       30%         3
 Manifold Assault         Tloc           8%         N/A       71%         4
 Vhi's Electric Charge    Tloc/Air       8%         N/A       88%         4


Dungeon Overview and Level Annotations

Branches:
Dungeon (2/15)

Altars:


Innate Abilities, Weirdness & Mutations

You can wield a second weapon in your off-hand.
It takes a long time for you to wield or remove held weapons.
Your first few attacks do less damage.
Attacking and casting redirects power from your legs.


Message History

The ribbon worm bites you. The ball python barely misses you.
The ball python grabs you. The ball python constricts you.
You are too injured to fight recklessly!
You barely miss the ribbon worm with your +0 falchion.
The ribbon worm is severely wounded.
You barely miss the ribbon worm with your +0 rapier.
The ball python bites you. The ball python constricts you.
The ribbon worm bites you.
* * * LOW HITPOINT WARNING * * *
You hit the ribbon worm with your +0 falchion.
The ribbon worm is almost dead.
You hit the ribbon worm with your +0 rapier.
You kill the ribbon worm!
The ball python bites you.
* * * LOW HITPOINT WARNING * * *
The ball python constricts you.
You have reached level 3!
Your experience leads to an increase in your attributes!
Increase (S)trength, (I)ntelligence, or (D)exterity?
You feel agile. x2
You hit the ball python with your +0 falchion.
The ball python is severely wounded.
You completely miss the ball python with your +0 rapier.
The ball python bites you.
* * * LOW HITPOINT WARNING * * *
The ball python constricts you.
* * * LOW HITPOINT WARNING * * *
The ball python closely misses you. The ball python constricts you.
You barely miss the ball python with your +0 falchion.
The ball python is severely wounded.
You closely miss the ball python with your +0 rapier.
The dart slug launches a dart at you. The slug dart misses you.
The slug dart hits the ball python.
The ball python dies!
You completely miss the dart slug with your +0 rapier.
You hit the dart slug with your +0 falchion.
The dart slug briefly extends its eye-stalks.
The dart slug launches a dart at you. The slug dart hits you.
You die...

#########
#.w@....#
#.#####.#
.......†#
#.#
........#
#<###
#.......
........#
#...#
#.......
........#
#...#
...!...
###.
........#
#...#
......
....
...w.....
#...#
..S..
#...
.........
#..)# ...


You could see a dart slug.

Vanquished Creatures
  A ribbon worm (D:2)
  2 dart slugs
  3 ball pythons
  2 endoplasms (D:1)
  3 goblins
  A hobgoblin (D:1)
  A quokka (D:2)
  A frilled lizard (D:2)
  A kobold (D:2)
  2 rats (D:1)
17 creatures vanquished.

Vanquished Creatures (others)
  A ball python (D:2)
1 creature vanquished.

Grand Total: 18 creatures vanquished

Notes
Turn   | Place    | Note
-------+----------+-------------------------------------------
     0 | D:1      | Ceno the Coglin Warper began the quest for the Orb.
     0 | D:1      | Reached XP level 1. HP: 16/16 MP: 3/3
    84 | D:1      | Upgraded the game from 0.32-a0-422-g28b100f618 to
                  | 0.32-a0-433-g08bcfe7efd
   580 | D:1      | Found a faded altar of an unknown god.
   592 | D:1      | Reached XP level 2. HP: 22/22 MP: 4/4
  1022 | D:1      | Learned a level 2 spell: Blink
  1025 | D:1      | Learned a level 2 spell: Lesser Beckoning
  1260 | D:2      | Reached XP level 3. HP: 5/28 MP: 6/6
  1262 | D:2      | Killed from afar by a dart slug

Illustrated notes

Levels and vault maps discovered:
D:1:      psy_arrival_basics, layout_loops_corners,
          ebering_ecumenical_altar_rust
D:2:      cheibrodos_old_hovel, layout_basic

Skill      XL: |  1  2 |
---------------+-------+-----
Spellcasting   | 2 |  2.1
Fighting       | |  2.3
Long Blades    | |  2.7
Throwing       | |  0.8
Armour         | |  0.8
Dodging        | |  1.7
Translocations | |  3.0

Action                     || total
---------------------------++-------
  Melee: Falchion          ||    48
         Rapier            ||    24
    Use: Scroll            ||     2
   Stab: Sleeping          ||     2
 Armour: Leather armour    ||    30
  Dodge: Dodged            ||    22

Table legend: (Time is in decaauts)
 A = Elapsed time spent in this place.
 B = Non-inter-level travel time spent in this place.
 C = Inter-level travel time spent in this place.
 D = Time resting spent in this place.
 E = Time spent auto-exploring this place.
 F = Levels seen in this place.
 G = Mean time per level.
                   A        B        C        D        E       F      G
               +--------+--------+--------+--------+--------+-----+--------+
         Total |   1269 |   1145 |    124 |      0 |    919 |   2 |  634.5 |
       Dungeon |   1269 |   1145 |    124 |      0 |    919 |   2 |  634.5 |
               +--------+--------+--------+--------+--------+-----+--------+

Top non-repeatable levels by time:
     D:1: 1112 daAuts
     D:2: 157 daAuts
